2426 views
Uploaded 2021-11-30 15:01:50
Game version 1.32.10
17:00 long 3on3 ladder game on (6)ThunderLake_LV
Saved by xzz
2426 views
Uploaded 2021-11-30 15:01:50
Game version 1.32.10
17:00 long 3on3 ladder game on (6)ThunderLake_LV


141 units @ 15.3k
/ 1.4k
55 buildings @ 7.4k
/ 3k


| Potion of Healing | 2 | 300 |
| Orb of Venom | 1 | 325 |
| Anti-magic Potion | 1 | 100 |
| Scroll of Town Portal | 3 | 1050 |
| total: | 7 | 1775g |
| Wisp | 21 | 1260 | / | 0 |
| Archer | 22 | 2860 | / | 220 |
| Hippogryph | 8 | 1280 | / | 160 |
| total: | 51 | 5400g | / | 380w |
| Altar of Elders | 1 | 180 | / | 50 |
| Moon Well | 6 | 1080 | / | 240 |
| Ancient of War | 1 | 150 | / | 60 |
| Tree of Life | 1 | 340 | / | 185 |
| Hunter's Hall | 1 | 210 | / | 100 |
| Ancient of Wonders | 1 | 90 | / | 30 |
| Ancient of Wind | 2 | 300 | / | 280 |
| Tree of Ages | 1 | 320 | / | 180 |
| Tree of Eternity | 1 | 330 | / | 200 |
| total: | 13 | 2350g | / | 945w |
| 0:01 | Wisp |
| 0:01 | Wisp |
| 0:04 | Altar of Elders |
| 0:16 | Moon Well |
| 0:27 | Wisp |
| 0:30 | Ancient of War |
| 0:33 | Wisp |
| 0:43 | Wisp |
| 0:59 | Wisp |
| 1:10 | Wisp |
| 1:28 | Moon Well |
| 1:31 | Archer |
| 1:48 | Moon Well |
| 1:54 | Archer |
| 2:07 | Trueshot Aura |
| 2:21 | Archer |
| 2:22 | Wisp |
| 2:22 | Wisp |
| 2:32 | Archer |
| 2:44 | Wisp |
| 2:51 | Archer |
| 3:06 | Archer |
| 3:22 | Searing Arrows |
| 3:46 | Tree of Life |
| 3:55 | Hunter's Hall |
| 4:08 | Archer |
| 4:29 | Archer |
| 4:52 | Tree of Ages |
| 5:12 | Trueshot Aura |
| 5:19 | Ancient of Wonders |
| 5:33 | Moon Well |
| 6:39 | Wisp |
| 6:39 | Wisp |
| 6:39 | Wisp |
| 6:39 | Wisp |
| 6:40 | Wisp |
| 7:10 | Strength of the Moon |
| 7:10 | Moon Armor |
| 7:17 | Ancient of Wind |
| 7:31 | Scroll of Town Portal |
| 7:34 | Improved Bows |
| 8:08 | Archer |
| 8:15 | Archer |
| 8:28 | Ancient of Wind |
| 8:41 | Archer |
| 8:52 | Archer |
| 8:55 | Hippogryph |
| 8:55 | Hippogryph |
| 8:57 | Searing Arrows |
| 9:06 | Archer |
| 9:14 | Entangling Roots |
| 9:20 | Archer |
| 9:21 | Tree of Eternity |
| 9:22 | Improved Strength of the Moon |
| 9:54 | Archer |
| 9:55 | Hippogryph |
| 10:09 | Archer |
| 10:09 | Archer |
| 10:13 | Hippogryph |
| 10:22 | Moon Well |
| 10:45 | Archer |
| 10:45 | Hippogryph |
| 11:01 | Moon Well |
| 11:06 | Thorns Aura |
| 11:51 | Archer |
| 12:17 | Trueshot Aura |
| 12:34 | Marksmanship |
| 12:35 | Archer |
| 12:40 | Archer |
| 12:40 | Hippogryph |
| 12:44 | Wisp |
| 12:44 | Wisp |
| 12:44 | Wisp |
| 12:44 | Wisp |
| 12:58 | Wisp |
| 12:59 | Wisp |
| 13:20 | Hippogryph |
| 13:39 | Scroll of Town Portal |
| 13:40 | Potion of Healing |
| 14:24 | Advanced Strength of the Moon |
| 15:24 | Scroll of Town Portal |
| 15:25 | Orb of Venom |
| 15:25 | Potion of Healing |
| 15:28 | Anti-magic Potion |
| 15:33 | Hippogryph |
| 15:33 | Archer |
| 15:49 | Improved Moon Armor |
| 15:50 | Starfall |
| 16:38 | Thorns Aura |
| Right click | 1321 |
| Select group | 674 |
| Select | 536 |
| Assign group | 142 |
| Build/train/purchase | 96 |
| Chat | 25 |
| Use ability | 14 |
| Minimap ping | 12 |
| Item give/drop | 2 |

| Orb of Venom | 1 | 325 |
| Scroll of Town Portal | 1 | 350 |
| total: | 2 | 675g |
| Wisp | 33 | 1980 | / | 0 |
| Archer | 5 | 650 | / | 50 |
| Huntress | 3 | 585 | / | 60 |
| Dryad | 5 | 725 | / | 300 |
| Druid of the Claw | 7 | 1785 | / | 560 |
| total: | 53 | 5725g | / | 970w |
| Ancient Protector | 3 | 405 | / | 240 |
| Altar of Elders | 1 | 180 | / | 50 |
| Moon Well | 8 | 1440 | / | 320 |
| Ancient of War | 1 | 150 | / | 60 |
| Ancient of Wonders | 1 | 90 | / | 30 |
| Hunter's Hall | 1 | 210 | / | 100 |
| Tree of Life | 1 | 340 | / | 185 |
| Ancient of Lore | 2 | 310 | / | 290 |
| Tree of Ages | 1 | 320 | / | 180 |
| Tree of Eternity | 1 | 330 | / | 200 |
| total: | 18 | 3125g | / | 1275w |
| 0:03 | Wisp |
| 0:03 | Wisp |
| 0:03 | Wisp |
| 0:15 | Altar of Elders |
| 0:23 | Moon Well |
| 0:48 | Wisp |
| 0:48 | Wisp |
| 1:12 | Ancient of War |
| 1:27 | Moon Well |
| 1:29 | Wisp |
| 1:29 | Wisp |
| 1:39 | Ancient of Wonders |
| 1:52 | Wisp |
| 2:16 | Force of Nature |
| 2:22 | Archer |
| 2:22 | Archer |
| 2:44 | Archer |
| 2:49 | Moon Well |
| 2:55 | Hunter's Hall |
| 3:12 | Archer |
| 3:16 | Wisp |
| 3:22 | Archer |
| 3:47 | Wisp |
| 4:10 | Tree of Ages |
| 4:15 | Ancient Protector |
| 4:18 | Ancient Protector |
| 4:45 | Huntress |
| 4:52 | Ancient Protector |
| 5:07 | Huntress |
| 5:19 | Moon Well |
| 5:53 | Entangling Roots |
| 6:10 | Huntress |
| 6:15 | Reinforced Hides |
| 6:15 | Strength of the Wild |
| 6:39 | Wisp |
| 6:39 | Wisp |
| 6:45 | Ancient of Lore |
| 7:17 | Ancient of Lore |
| 7:29 | Wisp |
| 7:29 | Wisp |
| 8:18 | Tree of Life |
| 8:22 | Thorns Aura |
| 8:29 | Abolish Magic |
| 8:32 | Wisp |
| 8:32 | Wisp |
| 8:33 | Wisp |
| 9:01 | Dryad |
| 9:01 | Dryad |
| 9:11 | Druid of the Claw Adept Training |
| 9:24 | Dryad |
| 9:32 | Wisp |
| 9:33 | Wisp |
| 9:42 | Moon Well |
| 9:51 | Druid of the Claw |
| 9:53 | Druid of the Claw |
| 10:45 | Wisp |
| 10:45 | Wisp |
| 10:45 | Wisp |
| 10:46 | Wisp |
| 10:46 | Wisp |
| 10:49 | Tree of Eternity |
| 11:12 | Druid of the Claw |
| 11:46 | Entangling Roots |
| 12:06 | Dryad |
| 12:06 | Druid of the Claw |
| 12:18 | Scroll of Town Portal |
| 12:29 | Nature's Blessing |
| 12:30 | Wisp |
| 12:30 | Wisp |
| 12:30 | Wisp |
| 12:33 | Improved Reinforced Hides |
| 13:14 | Druid of the Claw Master Training |
| 13:26 | Druid of the Claw |
| 13:31 | Improved Strength of the Wild |
| 13:53 | Mark of the Claw |
| 14:08 | Orb of Venom |
| 14:19 | Wisp |
| 14:20 | Wisp |
| 14:20 | Wisp |
| 14:29 | Moon Well |
| 14:33 | Druid of the Claw |
| 15:29 | Moon Well |
| 15:40 | Advanced Reinforced Hides |
| 15:40 | Advanced Strength of the Wild |
| 15:41 | Well Spring |
| 15:42 | Ultravision |
| 15:45 | Wisp |
| 15:45 | Wisp |
| 15:45 | Wisp |
| 16:30 | Entangling Roots |
| 16:50 | Dryad |
| 16:50 | Druid of the Claw |
| 16:56 | Moon Well |
| 17:00 | Tranquility |
| Right click | 334 |
| Select | 188 |
| Build/train/purchase | 95 |
| Select group | 40 |
| Assign group | 22 |
| Use ability | 20 |
| Resource trade | 8 |
| Item give/drop | 4 |
| Remove unit | 1 |


| Scroll of Regeneration | 2 | 200 |
| Lesser Clarity Potion | 4 | 280 |
| Potion of Healing | 1 | 150 |
| total: | 7 | 630g |
| Peasant | 14 | 1050 | / | 0 |
| Footman | 23 | 3105 | / | 0 |
| total: | 37 | 4155g | / | 0w |
| Scout Tower | 11 | 330 | / | 220 |
| Guard Tower | 6 | 420 | / | 300 |
| Altar of Kings | 1 | 180 | / | 50 |
| Farm | 5 | 400 | / | 100 |
| Barracks | 2 | 320 | / | 120 |
| Arcane Vault | 1 | 130 | / | 30 |
| Blacksmith | 2 | 280 | / | 120 |
| Lumber Mill | 1 | 120 | / | 0 |
| Arcane Sanctum | 1 | 150 | / | 140 |
| Keep | 1 | 320 | / | 210 |
| Castle | 1 | 360 | / | 210 |
| total: | 24 | 1910g | / | 780w |
| 0:02 | Peasant |
| 0:02 | Peasant |
| 0:13 | Altar of Kings |
| 0:19 | Farm |
| 0:25 | Barracks |
| 0:27 | Peasant |
| 0:45 | Peasant |
| 0:55 | Peasant |
| 1:07 | Peasant |
| 1:15 | Footman |
| 1:19 | Farm |
| 1:27 | Footman |
| 1:44 | Footman |
| 1:59 | Farm |
| 2:02 | Peasant |
| 2:12 | Footman |
| 2:13 | Peasant |
| 2:23 | Storm Bolt |
| 2:28 | Peasant |
| 2:34 | Defend |
| 2:56 | Peasant |
| 2:56 | Peasant |
| 4:09 | Footman |
| 4:13 | Peasant |
| 4:26 | Arcane Vault |
| 4:29 | Farm |
| 4:32 | Farm |
| 4:47 | Scout Tower |
| 4:48 | Scout Tower |
| 4:49 | Peasant |
| 4:56 | Peasant |
| 5:16 | Blacksmith |
| 5:21 | Lumber Mill |
| 5:25 | Scout Tower |
| 5:32 | Footman |
| 5:43 | Footman |
| 5:43 | Footman |
| 6:21 | Footman |
| 6:47 | Footman |
| 7:18 | Footman |
| 7:19 | Guard Tower |
| 7:25 | Blacksmith |
| 7:43 | Thunder Clap |
| 8:13 | Footman |
| 8:13 | Footman |
| 8:14 | Guard Tower |
| 8:16 | Footman |
| 8:29 | Footman |
| 8:43 | Scout Tower |
| 8:47 | Scroll of Regeneration |
| 8:47 | Lesser Clarity Potion |
| 9:35 | Footman |
| 9:35 | Footman |
| 9:53 | Keep |
| 10:04 | Lesser Clarity Potion |
| 10:08 | Footman |
| 10:11 | Scout Tower |
| 10:13 | Scout Tower |
| 10:19 | Scroll of Regeneration |
| 10:27 | Improved Masonry |
| 10:55 | Guard Tower |
| 11:56 | Thunder Clap |
| 12:14 | Footman |
| 12:15 | Footman |
| 12:15 | Footman |
| 12:23 | Lesser Clarity Potion |
| 12:23 | Lesser Clarity Potion |
| 12:39 | Footman |
| 13:05 | Barracks |
| 13:11 | Arcane Sanctum |
| 13:16 | Scout Tower |
| 13:16 | Scout Tower |
| 13:20 | Scout Tower |
| 13:20 | Scout Tower |
| 13:28 | Potion of Healing |
| 13:34 | Banish |
| 13:43 | Advanced Masonry |
| 13:58 | Guard Tower |
| 14:01 | Scout Tower |
| 14:03 | Guard Tower |
| 14:25 | Guard Tower |
| 14:30 | Improved Lumber Harvesting |
| 14:52 | Castle |
| 16:00 | Footman |
| 16:02 | Iron Plating |
| Right click | 979 |
| Select group | 415 |
| Select | 310 |
| Build/train/purchase | 119 |
| Chat | 50 |
| Minimap ping | 48 |
| Misc. action | 35 |
| Assign group | 17 |
| Use ability | 9 |
| Esc | 3 |
| Item give/drop | 1 |
99 units @ 12.8k
/ 2.1k
48 buildings @ 8.1k
/ 3.3k

| Lesser Clarity Potion | 3 | 210 |
| total: | 3 | 210g |
| Wisp | 11 | 660 | / | 0 |
| Huntress | 11 | 2145 | / | 220 |
| Dryad | 5 | 725 | / | 300 |
| total: | 27 | 3530g | / | 520w |
| Altar of Elders | 1 | 180 | / | 50 |
| Moon Well | 6 | 1080 | / | 240 |
| Ancient of War | 2 | 300 | / | 120 |
| Hunter's Hall | 1 | 210 | / | 100 |
| Ancient of Wonders | 1 | 90 | / | 30 |
| Tree of Life | 1 | 340 | / | 185 |
| Ancient of Lore | 2 | 310 | / | 290 |
| Ancient of Wind | 1 | 150 | / | 140 |
| Tree of Ages | 1 | 320 | / | 180 |
| Tree of Eternity | 1 | 330 | / | 200 |
| total: | 15 | 2660g | / | 1155w |
| 0:12 | Wisp |
| 0:12 | Wisp |
| 0:16 | Altar of Elders |
| 0:17 | Moon Well |
| 0:36 | Ancient of War |
| 0:43 | Wisp |
| 1:08 | Wisp |
| 1:08 | Wisp |
| 1:28 | Moon Well |
| 1:45 | Wisp |
| 1:56 | Wisp |
| 1:57 | Wisp |
| 2:05 | Ancient of War |
| 2:07 | Wisp |
| 2:10 | Wisp |
| 2:23 | Entangling Roots |
| 2:28 | Wisp |
| 2:46 | Hunter's Hall |
| 2:57 | Moon Well |
| 3:56 | Huntress |
| 4:05 | Huntress |
| 4:25 | Strength of the Moon |
| 4:37 | Lesser Clarity Potion |
| 4:39 | Lesser Clarity Potion |
| 4:46 | Huntress |
| 5:03 | Huntress |
| 5:21 | Huntress |
| 6:30 | Tree of Ages |
| 6:31 | Huntress |
| 7:03 | Moon Well |
| 7:24 | Moon Armor |
| 7:48 | Force of Nature |
| 8:48 | Huntress |
| 9:35 | Entangling Roots |
| 10:12 | Tree of Eternity |
| 10:15 | Ancient of Lore |
| 10:19 | Ancient of Lore |
| 10:26 | Huntress |
| 11:06 | Huntress |
| 11:16 | Lesser Clarity Potion |
| 11:31 | Dryad |
| 11:34 | Dryad |
| 11:37 | Huntress |
| 12:42 | Thorns Aura |
| 12:52 | Dryad |
| 12:56 | Moon Glaive |
| 12:58 | Huntress |
| 13:00 | Well Spring |
| 13:24 | Ancient of Wonders |
| 13:37 | Moon Well |
| 13:48 | Abolish Magic |
| 14:09 | Sentinel |
| 14:41 | Dryad |
| 14:42 | Moon Well |
| 15:22 | Dryad |
| 15:51 | Ancient of Wind |
| 15:56 | Tree of Life |
| Right click | 752 |
| Select | 216 |
| Chat | 167 |
| Build/train/purchase | 46 |
| Select group | 45 |
| Use ability | 27 |
| Assign group | 19 |
| Misc. action | 14 |
| Minimap ping | 4 |

| Lesser Clarity Potion | 4 | 280 |
| Moonstone | 1 | 50 |
| Anti-magic Potion | 2 | 200 |
| Potion of Healing | 1 | 150 |
| Scroll of Town Portal | 1 | 350 |
| Orb of Lightning | 1 | 375 |
| Scroll of Speed | 1 | 50 |
| total: | 11 | 1455g |
| Wisp | 24 | 1440 | / | 0 |
| Huntress | 4 | 780 | / | 80 |
| Dryad | 7 | 1015 | / | 420 |
| Druid of the Claw | 4 | 1020 | / | 320 |
| Mountain Giant | 1 | 350 | / | 100 |
| total: | 40 | 4605g | / | 920w |
| Ancient Protector | 6 | 810 | / | 480 |
| Altar of Elders | 1 | 180 | / | 50 |
| Moon Well | 7 | 1260 | / | 280 |
| Ancient of War | 1 | 150 | / | 60 |
| Hunter's Hall | 1 | 210 | / | 100 |
| Ancient of Wonders | 1 | 90 | / | 30 |
| Tree of Life | 1 | 340 | / | 185 |
| Ancient of Lore | 2 | 310 | / | 290 |
| Tree of Ages | 1 | 320 | / | 180 |
| Tree of Eternity | 1 | 330 | / | 200 |
| total: | 20 | 3350g | / | 1475w |
| 0:03 | Wisp |
| 0:03 | Wisp |
| 0:12 | Altar of Elders |
| 0:15 | Moon Well |
| 0:16 | Wisp |
| 0:34 | Wisp |
| 0:39 | Wisp |
| 0:40 | Wisp |
| 0:40 | Wisp |
| 0:50 | Wisp |
| 0:51 | Wisp |
| 1:11 | Wisp |
| 1:20 | Ancient of War |
| 1:22 | Wisp |
| 1:46 | Hunter's Hall |
| 1:59 | Moon Well |
| 2:04 | Wisp |
| 2:10 | Ancient of Wonders |
| 2:13 | Wisp |
| 2:19 | Wisp |
| 2:29 | Wisp |
| 2:35 | Entangling Roots |
| 2:43 | Moon Well |
| 3:41 | Huntress |
| 3:42 | Tree of Ages |
| 4:00 | Huntress |
| 4:12 | Ancient Protector |
| 4:26 | Huntress |
| 5:01 | Huntress |
| 5:12 | Lesser Clarity Potion |
| 6:55 | Moon Glaive |
| 7:00 | Ancient of Lore |
| 7:04 | Ancient of Lore |
| 7:48 | Thorns Aura |
| 8:01 | Tree of Eternity |
| 8:48 | Dryad |
| 8:51 | Abolish Magic |
| 8:51 | Druid of the Claw Adept Training |
| 8:52 | Dryad |
| 8:55 | Moon Well |
| 10:06 | Dryad |
| 10:07 | Druid of the Claw |
| 10:10 | Druid of the Claw |
| 10:17 | Mountain Giant |
| 10:35 | Lesser Clarity Potion |
| 10:41 | Hardened Skin |
| 10:41 | Resistant Skin |
| 10:44 | Well Spring |
| 10:44 | Ultravision |
| 10:45 | Reinforced Hides |
| 10:45 | Strength of the Wild |
| 10:48 | Improved Reinforced Hides |
| 10:49 | Druid of the Claw Master Training |
| 10:59 | Moon Well |
| 11:04 | Moonstone |
| 11:06 | Anti-magic Potion |
| 11:07 | Potion of Healing |
| 11:55 | Entangling Roots |
| 12:01 | Dryad |
| 12:01 | Dryad |
| 12:03 | Mark of the Claw |
| 12:46 | Moon Well |
| 12:54 | Lesser Clarity Potion |
| 12:54 | Lesser Clarity Potion |
| 13:00 | Druid of the Claw |
| 13:21 | Druid of the Claw |
| 13:37 | Dryad |
| 13:38 | Dryad |
| 13:46 | Thorns Aura |
| 14:17 | Tree of Life |
| 14:19 | Ancient Protector |
| 14:21 | Ancient Protector |
| 14:22 | Ancient Protector |
| 14:26 | Wisp |
| 14:43 | Anti-magic Potion |
| 15:21 | Orb of Lightning |
| 15:22 | Scroll of Speed |
| 15:34 | Scroll of Town Portal |
| 15:54 | Wisp |
| 15:54 | Wisp |
| 16:02 | Ancient Protector |
| 16:22 | Ancient Protector |
| 16:31 | Moon Well |
| 16:32 | Wisp |
| 16:33 | Wisp |
| 16:39 | Wisp |
| 16:44 | Wisp |
| 16:44 | Wisp |
| 16:45 | Wisp |
| Right click | 400 |
| Select | 244 |
| Select group | 153 |
| Chat | 117 |
| Build/train/purchase | 88 |
| Misc. action | 81 |
| Use ability | 38 |
| Assign group | 16 |
| Minimap ping | 5 |
| Esc | 4 |
| Remove unit | 2 |
| Item give/drop | 1 |


| Healing Salve | 2 | 200 |
| Scroll of Speed | 2 | 100 |
| Potion of Healing | 1 | 150 |
| Potion of Mana | 1 | 200 |
| Scroll of Town Portal | 1 | 350 |
| total: | 7 | 1000g |
| Peon | 6 | 450 | / | 0 |
| Grunt | 3 | 600 | / | 0 |
| Troll Headhunter | 10 | 1400 | / | 200 |
| Raider | 2 | 360 | / | 80 |
| Shaman | 6 | 780 | / | 120 |
| Troll Berserker | 3 | 420 | / | 60 |
| Kodo Beast | 1 | 255 | / | 60 |
| Goblin Shredder | 1 | 375 | / | 100 |
| total: | 32 | 4640g | / | 620w |
| Altar of Storms | 1 | 180 | / | 50 |
| Orc Burrow | 6 | 960 | / | 240 |
| Barracks | 2 | 360 | / | 100 |
| War Mill | 1 | 205 | / | 0 |
| Voodoo Lounge | 1 | 130 | / | 30 |
| Beastiary | 1 | 145 | / | 140 |
| Spirit Lodge | 1 | 150 | / | 150 |
| Stronghold | 1 | 315 | / | 190 |
| Fortress | 1 | 325 | / | 190 |
| total: | 13 | 2130g | / | 710w |
| 0:03 | Peon |
| 0:03 | Peon |
| 0:06 | Altar of Storms |
| 0:13 | Orc Burrow |
| 0:22 | Barracks |
| 0:28 | Peon |
| 0:43 | Peon |
| 1:03 | Peon |
| 1:03 | Peon |
| 1:36 | Orc Burrow |
| 1:43 | Grunt |
| 2:05 | Feral Spirit |
| 2:08 | Grunt |
| 2:56 | Grunt |
| 2:57 | Stronghold |
| 3:14 | War Mill |
| 3:47 | Voodoo Lounge |
| 3:57 | Orc Burrow |
| 4:47 | Troll Headhunter |
| 4:47 | Troll Headhunter |
| 5:10 | Healing Salve |
| 5:10 | Scroll of Speed |
| 5:24 | Reinforced Defenses |
| 5:48 | Troll Headhunter |
| 6:20 | Beastiary |
| 6:30 | Chain Lighting |
| 6:49 | Troll Headhunter |
| 6:49 | Troll Headhunter |
| 6:56 | War Stomp |
| 7:09 | Steel Ranged Weapons |
| 7:15 | Orc Burrow |
| 8:23 | Feral Spirit |
| 8:31 | Troll Headhunter |
| 8:34 | Fortress |
| 8:56 | Healing Salve |
| 8:57 | Scroll of Speed |
| 8:58 | Potion of Healing |
| 9:43 | Goblin Shredder |
| 10:05 | Spirit Lodge |
| 10:07 | Steel Armor |
| 10:09 | Troll Headhunter |
| 10:09 | Troll Headhunter |
| 11:06 | Berserker Upgrade |
| 11:11 | Barracks |
| 11:20 | Raider |
| 11:20 | Raider |
| 11:23 | Shaman |
| 11:23 | Shaman |
| 11:23 | Shaman |
| 11:23 | Shaman |
| 11:25 | Shaman Adept Training |
| 11:40 | Troll Headhunter |
| 11:40 | Troll Headhunter |
| 12:00 | Chain Lighting |
| 12:12 | Endurance Aura |
| 12:50 | Thorium Ranged Weapons |
| 12:54 | Troll Berserker |
| 12:57 | Orc Burrow |
| 12:58 | Orc Burrow |
| 13:31 | Troll Regeneration |
| 13:46 | War Stomp |
| 14:04 | Kodo Beast |
| 14:37 | Shaman Master Training |
| 15:08 | Troll Berserker |
| 15:38 | Scroll of Town Portal |
| 15:40 | Potion of Mana |
| 15:51 | Shaman |
| 15:51 | Shaman |
| 16:40 | Troll Berserker |
| Right click | 589 |
| Select | 449 |
| Misc. action | 158 |
| Select group | 142 |
| Build/train/purchase | 80 |
| Assign group | 25 |
| Use ability | 18 |
| Resource trade | 5 |
| Remove unit | 4 |
⇛